 Dungeon Crawl Stone Soup version 0.19.0-19-g8c6edcc (webtiles) character file.

2219 tsouns the Cleaver (level 9, -6/86 HPs)
             Began as a Minotaur Warper on Nov 12, 2016.
             Was a Follower of Yredelemnul.
             Mangled by a hog (8 damage)
             ... on level 7 of the Dungeon.
             The game lasted 00:17:25 (5656 turns).

tsouns the Cleaver (Minotaur Warper)                Turns: 5656, Time: 00:17:25

Health: -6/86      AC:  5    Str: 16    XL:     9   Next: 13%
Magic:  10/10      EV: 12    Int: 10    God:    Yredelemnul [*.....]
Gold:   365        SH:  0    Dex: 13    Spells: 2 memorised, 6 levels left

rFire  . . .     SeeInvis .     C - +0 war axe
rCold  . . .     Gourm    .     b - +0 leather armour
rNeg   . . .     Faith    .     (no shield)
rPois  .         Spirit   .     q - +1 hat
rElec  .         Reflect  .     (no cloak)
rCorr  .         Harm     .     (no gloves)
MR     .....                    F - +0 pair of boots
Stlth  ..........               y - amulet of regeneration
                                A - ring of flight
                                d - ring of loudness (curse)

@: about to teleport
A: retaliatory headbutt, horns 2
a: Animate Remains, Renounce Religion, Evoke Flight


You were on level 7 of the Dungeon.
You worshipped Yredelemnul.
Yredelemnul was aware of your devotion.
You were hungry.

You visited 2 branches of the dungeon, and saw 8 of its levels.
You also visited: Sewer.

You collected 365 gold pieces.

Inventory:

Hand Weapons
 a - a +0 hand axe
 r - a +0 blowgun
 C - a +0 war axe (weapon)
Missiles
 e - 2 tomahawks of dispersal
 o - 6 tomahawks (quivered)
 s - 25 poisoned needles
Armour
 b - a +0 leather armour (worn)
 q - a +1 hat (worn)
 v - a +0 chain mail
 F - a +0 pair of boots (worn)
Jewellery
 d - a cursed ring of loudness (left hand)
 w - an uncursed ring of magical power
 y - an amulet of regeneration (around neck)
 A - a ring of flight (right hand)
 E - a +2 ring of intelligence
Wands
 p - a wand of confusion (36/48)
Scrolls
 g - 2 scrolls of teleportation
 D - a scroll of recharging
Potions
 h - 2 potions of heal wounds
 i - a potion of brilliance
 j - a potion of haste {unknown}
 k - a potion of cancellation
 m - 6 potions of curing
 t - 4 potions of might {unknown}
 u - a potion of agility {unknown}
 z - 3 potions of degeneration {unknown}
Books
 c - a book of Spatial Translocations

   Spells                             Type                      Level
   a - Blink                          Translocation                2
   b - Shroud of Golubria             Charms/Translocation         2
   c - Lesser Beckoning               Translocation                3
   d - Portal Projectile              Translocation                3
   e - Teleport Other                 Translocation                3
   f - Passage of Golubria            Translocation                4
 B - the Papyrus of the Eternal Void
   (You found it on level 5 of the Dungeon)

   Spells                             Type                      Level
   a - Corona                         Hexes                        1
   b - Beastly Appendage              Transmutation                1
   c - Summon Guardian Golem          Hexes/Summoning              3
   d - Ice Form                       Ice/Transmutation            4
   e - Metabolic Englaciation         Hexes/Ice                    5
Comestibles
 f - 4 bread rations
 n - 3 meat rations
 x - a beef jerky


   Skills:
 + Level 10.4 Fighting
 + Level 10.5 Axes
 - Level 1.0 Throwing
 - Level 1.2 Armour
 - Level 2.1 Dodging
 - Level 1.3 Spellcasting
 - Level 2.1 Translocations


You had 6 spell levels left.
You knew the following spells:

 Your Spells              Type           Power        Failure   Level  Hunger
a - Blink                 Tloc           N/A          24%         2    ###....
b - Shroud of Golubria    Chrm/Tloc      #.........   47%         2    ###....


Dungeon Overview and Level Annotations

Branches:
Dungeon (7/15)             Temple (1/1) D:5

Altars:
Okawaru
Uskayaw
Yredelemnul
The Shining One

Annotations:
D:5 stickyfingers's ghost, amateur HaSu


Innate Abilities, Weirdness & Mutations

You reflexively headbutt those who attack you in melee.
You have a pair of horns on your head.


Message History

The hog bites you! The hog barely misses you.
There is an open door here.
The hog bites you!
You slash the hog!
The hog is severely wounded.
The hog barely misses you. You furiously retaliate!
You headbutt the hog! You hit the hog.
You kill the hog!
Yredelemnul accepts your kill.
You fail to use your ability.
The hog bites you!
* * * LOW HITPOINT WARNING * * *
The hog bites you!
* * * LOW HITPOINT WARNING * * *
Unknown command.
As you read the scroll of teleportation, it crumbles to dust.
You feel strangely unstable. The hog bites you!
* * * LOW HITPOINT WARNING * * *
The hog bites you!
You die...
Your body rises from the dead as a mindless zombie.

.###.......#....)#
...........##)).##
.....#########'########
.....##...##.)...##...##
.....#.....#.....#.....#
.....#....)...8..'.....#
.....#.....#.....#.....# ..
.######...##.....##.).## ...
.###########....@########...
.##.............hhp........
.##.##############h.....#
.##.# #......# ..#.####
#......# ##..../# #h.....#
.......# ##h#...# #......#
#..#...# #......# ..#..#...#


You could see 3 hogs and a human.

Vanquished Creatures
  An efreet (D:7)
  A hippogriff (D:7)
  A hog (D:7)
  2 ice beasts
  4 ogres
  2 centaurs
  2 big kobolds (Sewer)
  A bullfrog (D:7)
  A scorpion (D:6)
  A crimson imp (D:5)
  A lava snake (D:7)
  A centaur zombie (D:5)
  2 jellies
  A centaur skeleton (D:5)
  3 orc priests (D:6)
  A bullfrog skeleton (D:4)
  3 orc wizards
  An iguana (D:5)
  3 worker ants
  2 hound zombies
  A gnoll (D:7)
  4 adders
  A howler monkey skeleton (D:4)
  2 shadow imps (D:6)
  5 oozes
  An adder skeleton (D:5)
  3 worms
  A dart slug (D:1)
  4 leopard geckos
  14 orcs
  5 bats
  7 giant cockroaches
  2 goblins (D:1)
  8 hobgoblins
  5 jackals
  3 quokkas
  2 ball pythons
  4 frilled lizards
  A jackal skeleton (D:5)
  16 kobolds
  A leopard gecko zombie (D:5)
  A quokka zombie (D:6)
  11 rats
136 creatures vanquished.

Notes
Turn   | Place    | Note
-------+----------+-------------------------------------------
     0 | D:1      | tsouns the Minotaur Warper began the quest for the Orb.
     0 | D:1      | Reached XP level 1. HP: 18/18 MP: 1/1
    66 | D:1      | Reached XP level 2. HP: 22/25 MP: 3/3
   437 | D:1      | Reached XP level 3. HP: 17/31 MP: 4/4
  1825 | D:3      | Found a glowing drain.
  1833 | Sewer    | Entered a sewer
  1871 | Sewer    | Reached XP level 4. HP: 34/40 MP: 5/5
  2097 | Sewer    | Noticed a big kobold
  2115 | Sewer    | Killed a big kobold
  2115 | Sewer    | Reached XP level 5. HP: 20/47 MP: 6/6
  2325 | Sewer    | Reached skill level 5 in Axes
  2398 | Sewer    | Reached skill level 5 in Fighting
  2825 | D:3      | Found a glowing golden altar of the Shining One.
  3111 | D:3      | Noticed a centaur
  3124 | D:3      | Killed a centaur
  3124 | D:3      | Reached XP level 6. HP: 23/57 MP: 7/7
  3217 | D:3      | Learned a level 2 spell: Blink
  3226 | D:3      | Learned a level 2 spell: Shroud of Golubria
  3377 | D:4      | Found a basalt altar of Yredelemnul.
  3385 | D:4      | Became a worshipper of Yredelemnul the Dark
  3861 | D:5      | Entered Level 5 of the Dungeon
  3903 | D:5      | Noticed stickyfingers's ghost (amateur HaSu)
  3921 | D:5      | Reached XP level 7. HP: 32/64 MP: 8/8
  4042 | D:5      | Found a staircase to the Ecumenical Temple.
  4046 | Temple   | Entered the Ecumenical Temple
  4112 | D:5      | Identified the Papyrus of the Eternal Void
  4476 | D:6      | Reached * piety under Yredelemnul
  4535 | D:6      | Found an iron altar of Okawaru.
  4661 | D:6      | Reached XP level 8. HP: 32/74 MP: 9/9
  4924 | D:6      | Found a hide-covered altar of Uskayaw.
  5503 | D:7      | Noticed an efreet
  5510 | D:7      | Noticed a hippogriff
  5510 | D:7      | Killed an efreet
  5510 | D:7      | Reached skill level 10 in Fighting
  5510 | D:7      | Reached skill level 10 in Axes
  5519 | D:7      | Killed a hippogriff
  5519 | D:7      | Reached XP level 9. HP: 37/85 MP: 10/10
  5656 | D:7      | HP: 2/86 [hog (9)]
  5656 | D:7      | Mangled by a hog

Skill      XL: |  1  2  3  4  5  6  7  8 |
---------------+-------------------------+-----
Axes           | 3 4 6 8 10 | 10.5
Fighting       | 3 4 5 6 8 10 | 10.4
Throwing       | |  1.0
Armour         | |  1.2
Dodging        | |  2.1
Spellcasting   | |  1.3
Translocations | |  2.1

Action                   |  1- 3 |  4- 6 |  7- 9 || total
-------------------------+-------+-------+-------++-------
Melee: Hand axe          |   120 |   120 |    42 ||   282
       Headbutt          |    11 |    23 |    30 ||    64
       War axe           |       |       |   118 ||   118
Throw: Tomahawk          |       |     5 |     4 ||     9
Evoke: Wand              |       |     1 |     2 ||     3
  Use: Scroll            |       |    12 |     4 ||    16
       Potion            |       |     1 |     4 ||     5
  Eat: Chunk             |     3 |     1 |     5 ||     9
       Bread ration      |       |     1 |       ||     1
       Beef jerky        |       |     1 |       ||     1
Armor: Leather armour    |    35 |    21 |    26 ||    82
Dodge: Dodged            |    87 |    91 |    67 ||   245
